Map: Lerilak Crest

Players

Tecumseh

  • Race: Protoss Protoss
  • League: Platinum

Chernobog - Winner!

  • Race: Terran Terran
  • League: Silver

VOD

Have the link to the VOD?

Description

Time

  • Played on: Sept. 3, 2015, 7:02 p.m.
  • Length: 10:31
Show
View Real Time Build Order
Export as new Build Order

Tecumseh Protoss 

Build Orders:  

Get SALT Encoding   

  12  0:01  Probe (Chrono Boost)  
  13  0:12  Probe (Chrono Boost)  
  14  0:22  Probe (Chrono Boost)  
  14  0:27  Pylon  
  15  0:45  Probe (Chrono Boost)  
  15  0:49  Gateway  
  16  0:55  Probe (Chrono Boost)  
  17  1:03  Assimilator  
  17  1:04  Assimilator  
  17  1:05  Probe (Chrono Boost)  
  18  1:15  Probe (Chrono Boost)  
  19  1:19  Pylon  
  19  1:25  Probe (Chrono Boost)  
  20  1:35  Probe (Chrono Boost)  
  20  1:37  Cybernetics Core  
  21  1:45  Probe (Chrono Boost)  
  22  1:55  Probe (Chrono Boost)  
  23  2:05  Probe (Chrono Boost)  
  24  2:14  Warp Gate (Chrono Boost)  
  24  2:15  Probe (Chrono Boost), Robotics Facility  
  24  2:18  Twilight Council  
  25  2:24  Adept, Pylon  
  27  2:40  Mothership Core (Chrono Boost)  
  29  2:45  Gateway  
  29  2:49  Gateway  
  29  2:57  Adept  
  31  3:06  Warp Prism  
  33  3:29  Gateway  
  32  3:46  Shield Upgrade (Chrono Boost)  
  32  4:13  Probe  
  33  4:25  Dark Shrine  
  33  4:28  Adept x3  
  39  4:52  Pylon  
  39  4:53  Pylon  
  39  4:55  Adept  
  39  4:56  Pylon  
  39  5:06  Warp Prism  
  27  5:10  Robotics Bay  
  29  5:27  Adept x3  
  29  5:28  Adept  
  37  6:03  Dark Templar  
  37  6:04  Dark Templar x2  
  37  6:38  Disruptor  
  30  6:48  Gravitic Drive  
  30  7:01  Nexus  
  30  7:02  Probe  
  30  7:05  Pylon  
  30  7:07  Pylon  
  31  7:11  Pylon x2  
  31  7:15  Probe  
  32  7:19  Disruptor  
  32  7:23  Zealot x3  
  30  7:59  Nexus  
  30  8:00  Pylon x2  
  30  8:05  Disruptor  
  32  8:15  Zealot x2  
  36  8:38  Disruptor  
  36  8:40  Pylon  
  36  8:43  Pylon  
  36  8:48  Adept x2  
  34  9:11  Adept x3  
  34  9:12  Adept  
  39  9:38  Adept x2  
Show
View Real Time Build Order
Export as new Build Order

Chernobog Terran - Winner!

Build Orders: MMM Bio 

Get SALT Encoding   

  12  0:01  SCV  
  13  0:13  SCV  
  14  0:21  Supply Depot  
  14  0:25  SCV  
  15  0:42  SCV  
  16  0:43  Barracks  
  16  0:48  Refinery  
  16  0:54  SCV  
  17  1:06  SCV  
  18  1:19  SCV  
  19  1:31  Supply Depot  
  19  1:34  Command Center  
  20  1:44  Reaper  
  20  1:48  Orbital Command  
  20  2:18  Barracks  
  20  2:21  Barracks Reactor  
  20  2:22  Barracks  
  20  2:33  SCV  
  21  2:45  SCV  
  22  2:52  Factory  
  22  3:04  SCV, Bunker, Orbital Command  
  23  3:12  Supply Depot  
  23  3:13  Barracks Reactor, Barracks Tech Lab  
  23  3:14  Marine  
  23  3:15  Marine  
  23  3:16  SCV  
  26  3:28  SCV  
  26  3:32  Marine  
  26  3:33  Marine  
  29  3:37  Stimpack  
  29  3:42  SCV x2  
  31  3:50  Barracks, Marine  
  31  3:51  Marine x3  
  31  3:52  Marine  
  31  3:54  SCV x2  
  38  4:08  Marine x2  
  40  4:18  SCV x2, Marine  
  40  4:19  Marine x2  
  45  4:28  Command Center  
  45  4:30  Barracks, Marine  
  46  4:32  Barracks  
  46  4:34  SCV  
  46  4:35  SCV  
  48  4:45  Marine x3  
  50  4:46  SCV, Marauder  
  51  5:04  Marine x2  
  51  5:05  Marine x2  
  55  5:07  Marauder  
  55  5:11  SCV  
  58  5:14  SCV  
  58  5:16  Barracks Tech Lab  
  59  5:22  Marine  
  59  5:23  SCV  
  61  5:29  SCV  
  61  5:31  Refinery  
  62  5:37  Combat Shields  
  62  5:39  SCV, Marine x3  
  62  5:40  Marine, Marauder  
  62  5:41  SCV  
  70  5:51  SCV  
  70  5:57  Marine x3  
  70  5:58  Marine  
  70  6:00  Marine  
  56  6:15  SCV, Marine x4, Marauder  
  56  6:16  SCV  
  64  6:19  Marauder  
  64  6:21  Barracks Tech Lab  
  65  6:28  SCV x2  
  65  6:32  Marine  
  65  6:34  Engineering Bay  
  65  6:35  Marine x3  
  68  6:48  Marauder, Marine  
  68  6:49  Marauder  
  68  6:50  Marine  
  68  6:52  Barracks Reactor  
  74  6:56  Orbital Command  
  74  7:05  Marine x3  
  74  7:06  Marauder  
  74  7:08  Marine  
  79  7:09  Refinery, Marine  
  79  7:10  Refinery, Marauder  
  83  7:21  Barracks  
  83  7:23  Barracks x2, Marine x2  
  85  7:39  Marauder, Marine  
  85  7:41  Marine x4  
  85  7:42  Marauder x2, Marine  
  71  7:56  Marine  
  68  7:59  Marine x5  
  68  8:00  Marine  
  68  8:03  Marauder, Marine  
  77  8:10  SCV x2  
  77  8:12  Starport  
  77  8:14  Marine  
  77  8:16  Marine  
  77  8:17  Marine x3  
  77  8:18  Marauder  
  84  8:21  Marine  
  84  8:23  Barracks  
  84  8:24  Barracks Reactor, Barracks x2  
  85  8:30  Supply Depot  
  85  8:31  Supply Depot  
  85  8:32  Supply Depot  
  85  8:33  Barracks Tech Lab  
  85  8:34  Supply Depot, Barracks Tech Lab  
  85  8:36  Supply Depot, Concussive Shells  
  85  8:37  Supply Depot  
  85  8:51  Marauder, Marine x6  
  85  8:52  SCV  
  85  8:53  Marauder x2  
  85  9:04  Marine  
  85  9:05  Marauder, Marine x2  
  85  9:09  Marine x5  
  94  9:10  Marine  
  94  9:13  Marauder  
  94  9:14  Marauder x2  
  97  9:22  Marine x2  
  97  9:23  Marauder  
  100  9:26  Marauder  
  100  9:27  Marine x3  
  100  9:28  Barracks Tech Lab  
  100  9:29  Barracks Reactor  
  100  9:30  Barracks Tech Lab  
  111  9:39  Orbital Command  
  111  9:47  Marauder, Marine x4  
  95  9:53  Starport Tech Lab  
  95  9:54  Starport Reactor  
  95  9:56  Marine x2  
  95  9:57  Marauder  
  95  9:58  Marine x3  
  95  9:59  Marauder, Marine x2  
  104  10:00  Marauder  
  104  10:04  Marine  
  104  10:05  Marine  
  104  10:07  Marine x2  
  104  10:08  Marine x2  
  104  10:09  Marauder  
Tags
 
Add a new tag
Caveats
  • Supply blocks, unpowered buildings, or Contaminate may cause inaccurate times.
  • Supply counts are checked every 10 seconds.